 Dungeon Crawl Stone Soup version 0.19-a0-583-g665d810 (webtiles) character file.

99 TheGoonsmith the Caller (level 4, 0/24 HPs)
             Began as a Deep Elf Summoner on June 9, 2016.
             Succumbed to an orc wizard's poison
             ... on level 4 of the Dungeon.
             The game lasted 00:06:03 (3038 turns).

TheGoonsmith the Caller (Deep Elf Summoner)         Turns: 3038, Time: 00:06:04

Health: 0/24       AC:  7    Str:  5    XL:     4   Next: 45%
Magic:  12/12      EV: 18    Int: 25    God:
Gold:   192        SH:  0    Dex: 21    Spells: 4 memorised, 2 levels left

rFire  . . .     SeeInvis .     h - +0 dagger
rCold  . . .     Gourm    .     a - +0 robe
rNeg   . . .     Faith    .     (no shield)
rPois  .         Spirit   .     q - +1 helmet
rElec  .         Dismiss  .     r - +1 cloak {MR+}
rCorr  .         Reflect  .     y - +0 pair of gloves
SustAt .         Harm     .     (no boots)
MR     +....                    (no amulet)
Stlth  +++.......               (no ring)
                                (no ring)

@: brilliant, agile, lethally poisoned (0 -> -28), flying, somewhat resistant to
hostile enchantments, fairly stealthy
A: no striking features
a: no special abilities


You were on level 4 of the Dungeon.
You were not hungry.

You visited 1 branch of the dungeon, and saw 4 of its levels.

You collected 192 gold pieces.

Inventory:

Hand Weapons
 h - a +0 dagger (weapon)
Armour
 a - a +0 robe (worn)
 q - a +1 helmet (worn)
 r - a +1 cloak of magic resistance (worn)
 y - a +0 pair of gloves (worn)
 B - a +0 buckler
Magical Staves
 v - an uncursed staff of air
Jewellery
 g - a cursed ring of teleportation {unknown}
 z - an uncursed ring of protection from cold {unknown}
Wands
 s - a wand of iceblast (8/15)
Scrolls
 d - a scroll of fog {unknown}
 e - 3 scrolls of amnesia {unknown}
 i - 2 scrolls of identify {unknown}
 j - a scroll of fear {unknown}
 l - a scroll of enchant weapon {unknown}
 n - 2 scrolls of enchant armour {unknown}
 p - a scroll of magic mapping {unknown}
 x - a scroll of remove curse {unknown}
Potions
 k - a potion of ambrosia
 A - a potion of haste
Books
 b - a book of Callings

   Spells                             Type                      Level
   a - Summon Small Mammal            Summoning                    1
   b - Call Imp                       Summoning                    2
   c - Call Canine Familiar           Summoning                    3
   d - Summon Guardian Golem          Hexes/Summoning              3
   e - Summon Lightning Spire         Summoning/Air                4
   f - Summon Ice Beast               Ice/Summoning                4
Comestibles
 c - 2 bread rations
 f - 2 meat rations
 t - a slice of pizza
 w - 2 beef jerkies


   Skills:
 - Level 2.4 Dodging
 - Level 2.4 Stealth
 + Level 4.8 Spellcasting
 + Level 5.6 Summonings


You had 2 spell levels left.
You knew the following spells:

 Your Spells              Type           Power        Failure   Level  Hunger
a - Summon Small Mammal   Summ           ####         1%          1    None
b - Call Imp              Summ           #####...     1%          2    None
c - Call Canine Familiar  Summ           #####...     1%          3    ##.....
d - Summon Ice Beast      Ice/Summ       #####...     3%          4    ####...


Dungeon Overview and Level Annotations

Branches:
Dungeon (4/15)
 Temple: D:4-7

Altars:
Fedhas
Kikubaaqudgha
Makhleb
Okawaru
Qazlal


Message History

* * * LOW HITPOINT WARNING * * *
You feel very sick.
The water moccasin skeleton misses your crimson imp.
Your hound bites the orc wizard.
The orc wizard casts a spell.
The orc wizard flickers and vanishes!
Deactivating autopickup; reactivate with Ctrl-A.
Your crimson imp hits the water moccasin skeleton.
The water moccasin skeleton closely misses your crimson imp.
Unknown command.
It was a potion of flight.
You feel very buoyant.
You fly up into the air.
* * * LOW HITPOINT WARNING * * *
You feel sick.
Your hound misses something.
The water moccasin skeleton barely misses your crimson imp.
Something closely misses your hound.
Your crimson imp blinks!
Your hound closely misses something.
You die...

######
#....##
#h..(.#
#.{.5#
#.5<.#
##)@.#
#.Z.#
#..!#
#...#
##..#
#..#
#..#
#..#


You could see a water moccasin skeleton, a friendly hound, a friendly crimson
imp and a friendly white imp.

Vanquished Creatures
  2 giant newts
  A kobold (D:2)
  A rat (D:3)
4 creatures vanquished.

Vanquished Creatures (collateral kills)
  The ghost of TheGoonsmith the Conjurer, an amateur DECj (D:3)
  An orc wizard (D:4)
  An adder (D:3)
  An ooze (D:2)
  2 dart slugs
  2 giant geckos (D:1)
  2 orcs
  2 ball pythons
  6 bats (D:1)
  4 giant cockroaches
  14 goblins
  9 hobgoblins
  3 giant newts
  4 kobolds
  3 rats
55 creatures vanquished.

Grand Total: 59 creatures vanquished

Notes
Turn   | Place    | Note
--------------------------------------------------------------
     0 | D:1      | TheGoonsmith the Deep Elf Summoner began the quest for the Orb.
     0 | D:1      | Reached XP level 1. HP: 10/10 MP: 6/6
   398 | D:1      | Reached XP level 2. HP: 14/15 MP: 3/8
   757 | D:1      | Learned a level 2 spell: Call Imp
  1309 | D:2      | Found an ancient bone altar of Kikubaaqudgha.
  1604 | D:2      | Found an iron altar of Okawaru.
  1828 | D:2      | Found a stormy altar of Qazlal.
  1928 | D:3      | Reached XP level 3. HP: 19/19 MP: 2/10
  1935 | D:3      | Reached skill level 5 in Summonings
  1938 | D:3      | Noticed TheGoonsmith's ghost (amateur DECj)
  1959 | D:3      | Killed TheGoonsmith's ghost
  2269 | D:3      | Found a blossoming altar of Fedhas.
  2370 | D:3      | Reached XP level 4. HP: 21/24 MP: 8/12
  2413 | D:3      | Learned a level 3 spell: Call Canine Familiar
  2418 | D:3      | Learned a level 4 spell: Summon Ice Beast
  2966 | D:3      | Found a burning altar of Makhleb.
  3038 | D:4      | Succumbed to an orc wizard's poison

Vault maps used:
D:1:      dpeg_arrival_rooms_with_view, minmay_box_of_dots
D:2:      kennysheep_okawaru_gauntlet, lemuel_doored_altar, marbit_many_paths
D:3:      fedhas_altar_1, lemuel_round_altar, first_bread,
          minmay_goblin_kobold_house
D:4:      nicolae_gozag_zags_fifth_avenue, kennysheep_little_box, led_sif_book

Skill      XL: |  1  2  3 |
---------------+----------+-----
Spellcasting   | 4 |  4.8
Summonings     | 5 |  5.6
Dodging        | |  2.4
Stealth        | |  2.4

Action                   |  1- 3 |  4- 6 || total
-------------------------+-------+-------++-------
Melee: Unarmed           |    13 |       ||    13
       Dagger            |     8 |    11 ||    19
 Cast: Summon Small Mamm |    57 |     3 ||    60
       Call Imp          |    25 |    10 ||    35
       Call Canine Famil |       |     3 ||     3
  Use: Potion            |       |     5 ||     5
 Stab: Sleeping          |     1 |       ||     1
  Eat: Chunk             |     5 |     2 ||     7
Armor: Robe              |    18 |     8 ||    26
Dodge: Dodged            |    34 |    15 ||    49
